 Dungeon Crawl Stone Soup version 0.23-a0-183-gf37f6fb (webtiles) character file.

1034 namelastname112 the Sneak (level 8, 0/65 (66) HPs)
             Began as a White Draconian Assassin on Sept 23, 2018.
             Was an Initiate of Gozag.
             Killed from afar by an electric eel (6 damage)
             ... with a bolt of electricity
             ... on level 6 of the Dungeon.
             The game lasted 00:07:09 (3911 turns).

namelastname112 the Sneak (DrAs)                    Turns: 3911, Time: 00:07:10

HP:   0/65 (66)     AC:  8    Str: 14    XL:     8   Next: 3%
MP:   0/8           EV: 12    Int: 12    God:    Gozag
Gold: 415           SH:  3    Dex: 14    Spells: 7/7 levels left

rFire    . . .     SeeInvis .   q - +3 whip (elec)
rCold    + . .     Gourm    .   w - +0 buckler
rNeg     . . .     Faith    .   (armour unavailable)
rPois    .         Spirit   +   (helmet restricted)
rElec    .         Reflect  .   c - +0 cloak
rCorr    .         Harm     .   (no gloves)
MR       .....                  m - +0 pair of boots
Stlth    ++........             y - amulet of guardian spirit (curse)
HPRegen  0.20/turn              (no ring)
MPRegen  0.11/turn              (no ring)

@: short of breath, very slow
A: breathe frost, unfitting armour, cold resistance 1, cold-blooded, AC +6
a: Breathe Frost, Potion Petition, Call Merchant, Bribe Branch, Renounce
Religion


You were on level 6 of the Dungeon.
You worshipped Gozag.
Gozag was aware of your devotion.
You were not hungry.

You visited 1 branch of the dungeon, and saw 6 of its levels.
You also visited: Sewer.

You collected 447 gold pieces.
You paid 32 gold pieces to Gozag.

Inventory:

Hand Weapons
 a - a +2 dagger
 b - a +0 blowgun
 q - a +3 whip of electrocution (weapon)
Missiles
 d - 38 poisoned needles
 e - 2 curare-tipped needles
 v - a throwing net (quivered)
Armour
 c - a +0 cloak (worn)
 m - a +0 pair of boots (worn)
 w - a +0 buckler (worn)
Jewellery
 l - a +3 ring of protection {unknown}
 y - a cursed amulet of guardian spirit (around neck)
Scrolls
 h - 4 scrolls of teleportation {unknown}
 n - a scroll of noise {unknown}
 o - 2 scrolls of fear {unknown}
 s - 4 scrolls of identify {unknown}
 u - 2 scrolls of enchant weapon {unknown}
 x - 2 scrolls of enchant armour {unknown}
 A - a scroll of remove curse {unknown}
 B - 2 scrolls of magic mapping {unknown}
Potions
 g - a potion of invisibility
 i - a potion of degeneration {unknown}
 j - a potion of might
 k - a potion of magic {unknown}
 p - a potion of brilliance {unknown}
 r - 2 potions of flight
 t - a potion of agility {unknown}
 C - 3 potions of heal wounds
Comestibles
 f - 13 rations


   Skills:
 + Level 4.2 Fighting
 * Level 5.3 Short Blades
 + Level 3.5 Throwing
 + Level 3.2 Dodging
 * Level 6.2 Stealth
 + Level 0.0 Shields


You had 7 spell levels left.
You didn't know any spells.
Your spell library was empty.

Dungeon Overview and Level Annotations

Branches:
Dungeon (6/15)
 Temple: D:4-7

Altars:
Dithmenos
Elyvilon
Fedhas
Gozag
Okawaru
Ru
Trog
Uskayaw
Vehumet
Wu Jian

Shops:
D:6 :

Annotations:
D:4 1 exclusion


Innate Abilities, Weirdness & Mutations

You can breathe waves of freezing cold.
You can buffet flying creatures when you breathe cold.
Your icy white scales are hard. (AC +6)
You cannot fit into any form of body armour.
Your flesh is cold resistant. (rC+)
You are cold-blooded and may be slowed by cold attacks.


Message History

You closely miss the electric eel.
The electric eel is severely wounded.
The quokka splashes around in the water.
The electric eel shoots out a bolt of lightning at you!
The bolt of electricity misses you.
The quokka splashes around in the water.
You closely miss the electric eel.
The electric eel is severely wounded.
The quokka splashes around in the water.
You hit the electric eel.
The electric eel is almost dead.
The electric eel shoots out a bolt of lightning at you!
The bolt of electricity hits you!
* * * LOW HITPOINT WARNING * * *
The quokka splashes around in the water.
The quokka misses you.
The electric eel shoots out a bolt of lightning at you!
The bolt of electricity hits you!
You die...
Your body crumbles into a pile of gold.

#.......# #.#####.#
#.# ###.# #.#
#....# #.# #.##.##
######.###.##..###
....!..............
..%.........o......
≈≈≈≈≈≈≈≈≈≈≈@r≈≈≈≈≈≈
≈≈≈≈≈≈≈≈≈≈≈≈;≈≈≈≈≈≈
≈≈≈≈≈≈≈≈≈≈≈≈≈≈≈≈≈≈≈
≈≈≈≈≈≈≈≈≈#####≈≈≈≈≈
########## ≈≈≈≈≈
≈≈≈≈ ≈≈≈ ≈≈≈


You could see an electric eel, an orc and a quokka.

Vanquished Creatures
  A necrophage (D:5)
  Purgy (Sewer)
  A phantom (D:4)
  2 ogres (D:5)
  A gnoll sergeant (D:5)
  A scorpion (D:4)
  2 orc priests
  A bullfrog skeleton (D:5)
  2 orc wizards (D:4)
  2 worker ants
  8 gnolls
  9 adders
  2 oozes (D:2)
  An adder skeleton (D:4)
  3 worms
  5 dart slugs
  5 leopard geckos
  8 orcs
  2 ball pythons
  4 giant cockroaches
  10 goblins
  7 hobgoblins
  11 jackals
  2 quokkas
  6 bats
  11 frilled lizards
  7 kobolds
  A quokka skeleton (D:4)
  A quokka zombie (D:5)
  9 rats
126 creatures vanquished.

Notes
Turn   | Place    | Note
-------+----------+-------------------------------------------
     0 | D:1      | namelastname112 the Draconian Assassin began the quest for
                  | the Orb.
     0 | D:1      | Reached XP level 1. HP: 17/17 MP: 1/1
     1 | D:1      | Noticed an electric eel
    56 | D:1      | Reached skill level 1 in Dodging
   241 | D:1      | Reached XP level 2. HP: 18/24 MP: 2/2
   560 | D:1      | Reached XP level 3. HP: 22/30 MP: 3/3
   999 | D:2      | Reached skill level 4 in Stealth
  1121 | D:2      | Reached XP level 4. HP: 20/37 MP: 4/4
  1224 | D:2      | Found a white marble altar of Elyvilon.
  1609 | D:3      | Reached XP level 5. HP: 31/44 MP: 5/5
  1981 | D:3      | Found a blossoming altar of Fedhas.
  2153 | D:4      | Found a hide-covered altar of Uskayaw.
  2154 | D:4      | Found a radiant altar of Vehumet.
  2157 | D:4      | Found an opulent altar of Gozag.
  2160 | D:4      | Found a white marble altar of Elyvilon.
  2161 | D:4      | Found an ornate altar of the Wu Jian Council.
  2168 | D:4      | Became a worshipper of Gozag Ym Sagoz the Greedy
  2197 | D:4      | Found a sacrificial altar of Ru.
  2458 | D:4      | Reached XP level 6. HP: 41/51 MP: 4/6
  2525 | D:4      | Reached skill level 5 in Stealth
  2650 | D:4      | Found a bloodstained altar of Trog.
  2966 | D:5      | Entered Level 5 of the Dungeon
  2970 | D:5      | Your scales start taking on an icy white colour.
  2970 | D:5      | Reached XP level 7. HP: 54/57 MP: 5/7
  2970 | D:5      | Gained mutation: Your flesh is cold resistant. (rC+) [White
                  | Draconian growth]
  3095 | D:5      | Found a glowing drain.
  3105 | Sewer    | Entered a sewer
  3268 | Sewer    | Noticed Purgy
  3277 | Sewer    | Killed Purgy
  3277 | Sewer    | Reached skill level 5 in Short Blades
  3393 | D:5      | Reached skill level 6 in Stealth
  3591 | D:5      | Reached XP level 8. HP: 65/65 MP: 8/8
  3660 | D:5      | Found an iron altar of Okawaru.
  3830 | D:6      | Found Zealoi's Book Boutique.
  3867 | D:6      | Found a shadowy altar of Dithmenos.
  3911 | D:6      | Killed from afar by an electric eel

Vault maps used:
D:1:      arrival_aquarium_a
D:2:      elyvilon_altar_4
D:3:      fedhas_altar_fruit_tree
D:4:      nicolae_ru_awakened_eye, lemuel_coloured_pillars_altar, tgw_sif,
          grunt_temple_overflow_open, first_ration, serial_park_tiny_pond
D:5:      portal_sewer_entry_d, okawaru_ov_weapons_minmay
D:6:      minmay_goblin_kobold_castle, kennysheep_mini,
          grunt_dithmenos_smoke_and_mirrors, minmay_temple_entry_butterflies,
          serial_shops, shop, bloody_trog, uniq_sigmund, uniq_pikel,
          uniq_menkaure
Sewer:    sewer_co_purgy_island

Skill      XL: |  1  2  3  4  5  6  7 |
---------------+----------------------+-----
Dodging        | 1 2 3 |  3.2
Throwing       | 2 3 |  3.5
Stealth        | 4 5 6 |  6.2
Short Blades   | 3 4 5 |  5.3
Fighting       | 3 4 |  4.2

Action                   |  1- 3 |  4- 6 |  7- 9 || total
-------------------------+-------+-------+-------++-------
Melee: Dagger            |   164 |     3 |       ||   167
       Tailslap          |    17 |    13 |    13 ||    43
       Whip              |       |   139 |    95 ||   234
 Fire: Blowgun           |     4 |     4 |       ||     8
 Abil: Breathe Frost     |       |       |     1 ||     1
  Use: Potion            |       |       |     8 ||     8
 Stab: Sleeping          |     3 |     7 |     3 ||    13
       Invisible         |       |       |     4 ||     4
  Eat: Chunk             |     1 |     3 |       ||     4
       Ration            |       |     1 |     1 ||     2
Armor: Skin              |    54 |    43 |    33 ||   130
Dodge: Dodged            |   104 |    80 |    92 ||   276
Block: Buckler           |       |       |     1 ||     1

Table legend:
 A = Non-vault XP
 B = Vault XP
 C = Vault XP percentage of total XP
 D = Non-vault monster count
 E = Vault monster count
 F = Vault count percentage of total count
                 A         B        C        D         E       F
            +---------+---------+-------+---------+---------+-------
      Total |    1307 |     171 |  11.6 |     116 |      10 |   7.9
            +---------+---------+-------+---------+---------+-------
        D:1 |      43 |       0 |   0.0 |      24 |       0 |   0.0
        D:2 |     108 |       0 |   0.0 |      36 |       0 |   0.0
        D:3 |     141 |       0 |   0.0 |      26 |       0 |   0.0
        D:4 |     409 |       0 |   0.0 |      15 |       0 |   0.0
        D:5 |     606 |      13 |   2.1 |      15 |       1 |   6.2
      Sewer |       0 |     158 | 100.0 |       0 |       9 | 100.0
            +---------+---------+-------+---------+---------+-------
